Map: Redshift LE

Players

Nerchio - Winner!

  • Race: Zerg Zerg
  • Spawn Location: 11:00

Bly

  • Race: Zerg Zerg
  • Spawn Location: 7:00

Event: WCS Austin 2018

VOD

Have the link to the VOD?

Description

Time

  • Played on: June 1, 2018, 5:13 p.m.
  • Length: 6:43

All games in this series

Show
View Real Time Build Order
Export as new Build Order

Nerchio Zerg - Winner!

Build Orders: Hatch First 

Get SALT Encoding   

  12  0:00  Drone  
  13  0:13  Overlord  
  13  0:17  Drone  
  14  0:31  Drone x2  
  16  0:50  Hatchery  
  16  0:51  Drone  
  16  0:54  Drone  
  17  0:58  Drone  
  18  1:08  Extractor  
  17  1:13  Spawning Pool  
  17  1:17  Drone  
  17  1:20  Drone  
  18  1:28  Drone  
  19  1:39  Overlord  
  19  1:49  Drone  
  20  2:01  Queen  
  22  2:02  Queen  
  22  2:08  Metabolic Boost  
  24  2:10  Drone  
  24  2:12  Drone  
  24  2:15  Drone  
  27  2:17  Drone  
  27  2:22  Drone  
  29  2:35  Hatchery  
  28  2:40  Roach Warren  
  28  2:43  Zergling x2  
  28  2:44  Zergling x2  
  29  2:46  Zergling x2  
  29  2:47  Zergling x2  
  29  2:50  Zergling x2  
  32  2:54  Overlord  
  32  2:56  Zergling x2  
  33  3:06  Overlord  
  33  3:07  Overlord  
  33  3:20  Roach  
  33  3:24  Roach x4  
  33  3:26  Roach x2  
  47  3:33  Roach  
  49  3:37  Roach  
  50  3:43  Overlord  
  50  3:46  Overlord  
  52  3:48  Roach  
  52  3:50  Roach  
  52  3:53  Overlord  
  54  3:59  Roach  
  56  4:03  Zergling x8  
  56  4:04  Zergling x2  
  56  4:09  Zergling x2  
  63  4:10  Zergling x4  
  63  4:15  Zergling x4  
  63  4:16  Zergling x2  
  67  4:20  Zergling x4  
  67  4:23  Zergling x2  
  70  4:28  Overlord  
  70  4:29  Drone  
  70  4:30  Drone  
  72  4:32  Drone  
  72  4:34  Ravager  
  74  4:42  Overlord  
  74  4:45  Overlord  
  74  4:54  Zergling x12  
  77  5:00  Roach  
  77  5:01  Roach  
  77  5:03  Roach  
  77  5:05  Roach  
  77  5:06  Zergling x2  
  78  5:13  Zergling x4  
  77  5:18  Zergling x2  
  76  5:25  Zergling x4  
  76  5:27  Zergling x2  
  77  5:34  Roach  
  77  5:36  Roach  
  77  5:38  Roach  
  79  5:42  Queen  
  79  5:45  Zergling x2  
  82  5:50  Zergling x2  
  82  5:51  Zergling x2  
  82  5:57  Zergling x4  
  84  6:07  Zergling x4  
  84  6:09  Zergling x2  
  84  6:10  Zergling x2  
  84  6:15  Zergling x4  
  84  6:17  Roach x2  
  84  6:18  Ravager  
  90  6:23  Drone x2  
  96  6:28  Drone  
  96  6:30  Drone  
Show
View Real Time Build Order
Export as new Build Order

Bly Zerg 

Build Orders: Hatch First 

Get SALT Encoding   

  12  0:01  Drone  
  13  0:12  Overlord  
  13  0:16  Drone  
  14  0:31  Drone x2  
  14  0:34  Drone  
  17  0:51  Hatchery  
  17  0:54  Drone  
  17  0:58  Drone  
  17  1:03  Extractor  
  17  1:13  Spawning Pool  
  17  1:16  Drone  
  17  1:18  Drone  
  18  1:28  Drone  
  19  1:39  Overlord  
  19  1:51  Drone  
  20  2:00  Queen  
  22  2:02  Drone  
  22  2:03  Queen  
  22  2:05  Drone  
  26  2:12  Drone  
  27  2:19  Drone  
  28  2:27  Drone x2  
  30  2:33  Overlord  
  30  2:39  Drone, Queen  
  30  2:42  Lair  
  33  2:47  Roach Warren, Extractor  
  33  2:50  Evolution Chamber  
  30  2:54  Drone x3  
  33  3:01  Overlord  
  33  3:10  Drone x5  
  38  3:14  Overlord  
  38  3:18  Overlord  
  38  3:19  Zerg Missile Weapons Level 1  
  38  3:27  Roach  
  38  3:28  Roach x2  
  38  3:33  Roach  
  46  3:36  Extractor  
  46  3:37  Roach  
  47  3:42  Glial Reconstitution  
  47  3:48  Drone x2  
  47  3:51  Roach  
  47  3:52  Roach  
  47  3:53  Overlord  
  53  3:56  Roach  
  57  4:03  Roach  
  57  4:09  Roach x2  
  61  4:15  Roach  
  61  4:16  Roach  
  64  4:21  Roach x2  
  67  4:25  Roach  
  67  4:27  Roach  
  71  4:36  Roach x2  
  71  4:37  Overlord  
  75  4:47  Overlord  
  75  4:49  Overlord  
  75  4:55  Ravager  
  74  5:00  Roach x2  
  70  5:11  Roach  
  70  5:12  Roach  
  60  5:21  Roach x2  
  57  5:26  Roach x2  
  57  5:34  Roach  
  55  5:37  Roach  
  57  5:49  Roach x3  
  63  5:58  Roach  
  63  6:09  Roach x3  
  63  6:20  Roach x2  
  63  6:22  Ravager  
Tags
 
Add a new tag
Caveats
  • Supply blocks, unpowered buildings, or Contaminate may cause inaccurate times.
  • Supply counts are checked every 10 seconds.